Map: 亚历山大港 - 天梯版

Players

Lobo - Winner!

  • Race: Protoss Protoss

Replicant

  • Race: Terran Terran
  • League: Gold

Event: WESG 2018 Grand Finals

VOD

Have the link to the VOD?

Description

Time

  • Played on: March 11, 2019, 5:35 a.m.
  • Length: 3:48

All games in this series

Show
View Real Time Build Order
Export as new Build Order

Lobo Protoss - Winner!

Build Orders:  

Get SALT Encoding   

  12  0:00  Probe  
  13  0:12  Probe  
  14  0:18  Pylon  
  14  0:25  Probe  
  15  0:34  Probe  
  15  0:39  Gateway  
  15  0:42  Probe  
  16  0:49  Assimilator  
  17  0:51  Probe  
  18  1:00  Pylon  
  19  1:04  Probe  
  19  1:19  Gateway  
  19  1:21  Probe  
  20  1:30  Cybernetics Core  
  20  1:35  Zealot  
  22  1:43  Assimilator  
  22  1:44  Probe  
  23  1:59  Stalker  
  23  2:01  Probe  
  23  2:06  Stalker  
  26  2:15  Pylon  
  28  2:18  Probe  
  28  2:19  Stalker  
  30  2:44  Stalker  
  30  2:46  Probe  
  30  2:48  Stalker  
  34  2:59  Probe  
  35  3:15  Probe  
Show
View Real Time Build Order
Export as new Build Order

Replicant Terran 

Build Orders: Cyclone Opening, Gas First Reaper Expand 

Get SALT Encoding   

  12  0:00  SCV  
  13  0:13  SCV  
  14  0:19  Supply Depot  
  14  0:25  SCV  
  15  0:29  Refinery  
  15  0:40  SCV  
  16  0:46  Barracks  
  16  0:52  SCV  
  17  1:04  SCV  
  18  1:16  SCV  
  19  1:33  Orbital Command  
  19  1:34  Reaper  
  20  1:45  Command Center  
  20  1:59  Factory  
  20  2:00  SCV  
  21  2:10  Refinery, Barracks Tech Lab  
  21  2:16  SCV  
  21  2:18  Supply Depot  
  22  2:28  SCV  
  23  2:40  SCV  
  23  2:41  Barracks Reactor  
  24  2:50  Supply Depot  
  26  2:51  Cyclone  
  26  2:54  SCV  
  27  3:03  Supply Depot  
  27  3:08  SCV  
  25  3:18  Marine x2  
  26  3:35  SCV  
Tags
 
Add a new tag
Caveats
  • Supply blocks, unpowered buildings, or Contaminate may cause inaccurate times.
  • Supply counts are checked every 10 seconds.